 Dungeon Crawl Stone Soup version 0.30-a0-778-g2ef04afb54 (webtiles) character file.

Game seed: 2503154037597021650

111 Iich the Chopper (level 4, -1/41 HPs)
             Began as a Hill Orc Fighter on Feb 16, 2023.
             Was an Initiate of Gozag.
             Slain by a gnoll
             ... wielding a +0 halberd
              (10 damage)
             ... on level 3 of the Dungeon.
             The game lasted 00:03:00 (1752 turns).

Iich the Chopper (Hill Orc Fighter)                 Turns: 1752, Time: 00:03:01

Health: -1/41      AC: 11    Str: 18    XL:     4   Next: 92%
Magic:  4/4        EV:  6    Int:  8    God:    Gozag
Gold:   76         SH:  4    Dex: 12    Spells: 3/3 levels left

rFire   + . .      SeeInvis +    a - +1 war axe
rCold   . . .      Faith    .    c - +0 buckler
rNeg    . . .      Spirit   .    i - +0 chain mail
rPois   .          Reflect  .    f - +0 helmet
rElec   .          Harm     .    (no cloak)
rCorr   .          Rampage  .    e - +0 pair of gloves
Will    .....                    (no boots) Stlth
                                 (no amulet)
HPRegen 0.26/turn                g - ring of protection from fire
MPRegen 0.09/turn                h - ring of see invisible

@: gold aura
A: no striking features
a: Renounce Religion, Potion Petition, Call Merchant, Bribe Branch


You were on level 3 of the Dungeon.
You worshipped Gozag.
Gozag was noncommittal.
You visited 1 branch of the dungeon, and saw 3 of its levels.

You collected 114 gold pieces.
You paid 38 gold pieces to Gozag.

Inventory:

Hand Weapons
 a - a +1 war axe (weapon)
Armour
 b - a +0 scale mail
 c - a +0 buckler (worn)
 e - a +0 pair of gloves (worn)
 f - a +0 helmet (worn)
 i - a +0 chain mail (worn)
Jewellery
 g - a ring of protection from fire (left hand)
 h - a ring of see invisible (right hand)
Scrolls
 j - a scroll of enchant weapon
 l - a scroll of magic mapping {unknown}
 m - a scroll of blinking {unknown}
 o - a scroll of teleportation {unknown}
Potions
 d - a potion of might
 n - a potion of degeneration {unknown}


   Skills:
 + Level 4.7 Fighting
 * Level 5.6 Axes
 - Level 3.2 Armour
 - Level 3.2 Shields


You had 3 spell levels left.
You didn't know any spells.
Your spell library contained the following spells:

 Spells                   Type           Power      Damage    Failure   Level
 Apportation              Tloc           0%         N/A       100%        1
 Necrotise                Necr           0%         1d4       100%        1
 Summon Small Mammal      Summ           0%         N/A       100%        1
 Ensorcelled Hibernation  Hex/Ice        0%         N/A       100%        2
 Passwall                 Tmut/Erth      0%         N/A       100%        2
 Swiftness                Air            0%         N/A       100%        3


Dungeon Overview and Level Annotations

Branches:
Dungeon (3/15)

Altars:
Gozag


Message History

You are too injured to fight recklessly!
You are too injured to fight recklessly!
You are too injured to fight recklessly!
You are too injured to fight recklessly!
You are too injured to fight recklessly!
You are too injured to fight recklessly!
You are too injured to fight recklessly!
Found a stone staircase leading up.
The gnoll is distracted by your dazzling golden aura.
Things that are here:
14 gold pieces; a +0 halberd The gnoll shouts!
You slash the jackal!
You kill the jackal!
You barely miss the gnoll.
The gnoll is no longer distracted by gold.
The gnoll hits you with a +0 halberd!
The gnoll is no longer distracted by gold.
The gnoll hits you with a +0 spear. The gnoll hits you with a +0 halberd.
* * * LOW HITPOINT WARNING * * *
You see here 6 gold pieces.
You hit the gnoll.
The gnoll is lightly wounded.
You barely miss the gnoll. The gnoll hits you with a +0 spear.
* * * LOW HITPOINT WARNING * * *
The gnoll closely misses you.
You hit the gnoll.
The gnoll is heavily wounded.
You slash the gnoll! The gnoll hits you with a +0 halberd!
* * * LOW HITPOINT WARNING * * *
You block the gnoll's attack.
The gnoll is distracted by your dazzling golden aura.
The gnoll hits you with a +0 halberd.
* * * LOW HITPOINT WARNING * * *
The gnoll shouts!
It was a potion of curing.
You feel better. The gnoll hits you but does no damage.
The gnoll attacks as you move away! The gnoll hits you with a +0 halberd!
You die...
Your body crumbles into a pile of gold.

#.# ##...##
####..##.# #.# ##+##
#........# #.#
#.##..##.# ..# #
#.##..##.#
##.########.##.###.#
......<..##.##.###.#
.......#.##........#
.......g$#####.....#
......g@$......#####
....>...$#######
.#.....#.#
.........#
##.####### #


You could see 2 gnolls.

Vanquished Creatures
  Jessica (D:2)
  A gnoll (D:3)
  An adder (D:2)
  2 dart slugs (D:1)
  An orc (D:3)
  3 bats
  6 endoplasms
  5 giant cockroaches
  2 goblins (D:1)
  8 hobgoblins
  3 jackals (D:3)
  3 kobolds
  6 quokkas
  6 ball pythons
  A frilled lizard (D:2)
  4 rats (D:1)
53 creatures vanquished.

Notes
Turn   | Place    | Note
-------+----------+-------------------------------------------
     0 | D:1      | Iich the Hill Orc Fighter began the quest for the Orb.
     0 | D:1      | Reached XP level 1. HP: 19/19 MP: 1/1
    44 | D:1      | Reached skill level 3 in Axes
   117 | D:1      | Reached XP level 2. HP: 27/27 MP: 2/2
   250 | D:1      | Reached skill level 4 in Axes
   307 | D:1      | Reached XP level 3. HP: 29/33 MP: 3/3
   788 | D:2      | Noticed Jessica
   800 | D:2      | Killed Jessica
   801 | D:2      | Reached skill level 5 in Axes
   801 | D:2      | Reached XP level 4. HP: 11/41 MP: 4/4
  1235 | D:2      | Found a faded altar of an unknown god.
  1515 | D:3      | Found an opulent altar of Gozag.
  1615 | D:3      | Became a worshipper of Gozag Ym Sagoz the Greedy
  1750 | D:3      | HP: 1/41 [gnoll/+0 halberd (3)]
  1752 | D:3      | Slain by a gnoll

Illustrated notes

Levels and vault maps discovered:
D:1:      saegor_arrival_miasma, layout_loops_cross, minmay_distorted
D:2:      layout_loops_ring, dreamdust_ecumenical_altar_statues,
          kennysheep_generic_room_3, uniq_jessica
D:3:      layout_loops_corners, mainiacjoe_overflow_tiny_flanked

Skill      XL: |  1  2  3 |
---------------+----------+-----
Axes           | 3 4 5 |  5.6
Fighting       | 4 |  4.7
Armour         | |  3.2
Shields        | |  3.2

Action                     |  1- 3 |  4- 6 || total
---------------------------+-------+-------++-------
  Melee: War axe           |    83 |    40 ||   123
    Use: Potion            |       |     2 ||     2
         Scroll            |       |     1 ||     1
 Armour: Scale mail        |    41 |     8 ||    49
         Chain mail        |       |     7 ||     7
  Dodge: Dodged            |    29 |    23 ||    52
  Block: Buckler           |    17 |     6 ||    23

Table legend: (Time is in decaauts)
 A = Elapsed time spent in this place.
 B = Non-inter-level travel time spent in this place.
 C = Inter-level travel time spent in this place.
 D = Time resting spent in this place.
 E = Time spent auto-exploring this place.
 F = Levels seen in this place.
 G = Mean time per level.
                   A        B        C        D        E       F      G
               +--------+--------+--------+--------+--------+-----+--------+
         Total |   1795 |   1770 |     25 |      0 |   1370 |   3 |  598.3 |
       Dungeon |   1795 |   1770 |     25 |      0 |   1370 |   3 |  598.3 |
               +--------+--------+--------+--------+--------+-----+--------+

Top non-repeatable levels by time:
     D:2: 805 daAuts
     D:1: 681 daAuts
     D:3: 308 daAuts
